 Dungeon Crawl Stone Soup version 0.29.0-4-gdea44cf6ec (webtiles) character file.

Game seed: 3725577941744629211

2 qw the Sneak (level 1, -1/10 HPs)
             Began as a Felid Delver on Aug 27, 2022.
             Slain by Dowan
             ... wielding a +0 dagger
              (5 damage)
             ... on level 5 of the Dungeon.
             The game lasted 00:00:00 (238 turns).

qw the Sneak (Felid Delver)                          Turns: 238, Time: 00:00:01

Health: -1/10      AC:  1    Str:  8    XL:     1   Next: 33%
Magic:  2/2        EV: 17    Int: 11    God:
Gold:   37         SH:  0    Dex: 17    Spells: 0/0 levels left
                                        Lives:  0   Deaths: 0

rFire   . . .      SeeInvis +     - Unarmed
rCold   . . .      Faith    .   (shield unavailable)
rNeg    . . .      Spirit   .   (body armour unavailable)
rPois   .          Reflect  .   (helmet unavailable)
rElec   .          Harm     .   (cloak unavailable)
rCorr   .          Rampage  .   (gloves unavailable)
Will    .....                   (boots unavailable)
Stlth   +++.......              (no amulet)
HPRegen 0.03/turn               (no ring)
MPRegen 0.08/turn               (no ring)

@: quick
A: very small, claws 1, fangs 3, see invisible, speed 1, shaggy fur 1, stealthy
paws, no weapons or thrown items, no armour, multi-lived
a: no special abilities


You were on level 5 of the Dungeon.
You visited 1 branch of the dungeon, and saw 2 of its levels.

You collected 37 gold pieces.


Innate Abilities, Weirdness & Mutations

You have sharp claws.
You have razor-sharp teeth.
You have supernaturally acute eyesight. (SInv)
You cover ground quickly. (Speed+)
You are covered in fur. (AC +1)
Your paws help you pounce on unaware monsters.
You are incapable of wielding weapons or throwing items.
You cannot wear armour.
You gain extra lives every three experience levels.


   Skills:
 - Level 3.0 Fighting
 - Level 2.6 Dodging
 - Level 6.6 Stealth
 + Level 2.2 Unarmed Combat


You couldn't memorise any spells.
You didn't know any spells.
Your spell library was empty.

Inventory:

Jewellery
 a - a ring of resist corrosion
 b - a ring of ice
Wands
 e - a wand of digging (3)
Potions
 d - a potion of haste

Dungeon Overview and Level Annotations

Branches:
Dungeon (5/15)
 Temple: D:4-7

Altars:

Annotations:
D:5 Dowan


Message History

Enter note:
Enter note:
Found a short sword and 2 stones.
b - a ring of ice
There is a stone staircase leading down here.
You see here 2 stones.
Found 9 stones.
You now have 37 gold pieces (gained 5).
Dowan, Brother of Duvessa comes into view.
He is wielding a +0 dagger.
Enter note: A black bear comes into view.
You see here an amethyst potion.
The helpless Dowan fails to defend himself.
You mangle Dowan!!
Dowan is almost dead.
Dowan points at you and mumbles some strange words.
You resist with significant effort.
You scratch Dowan but do no damage.
Dowan is almost dead.
You scratch Dowan. Your bite misses Dowan.
Dowan is almost dead.
Dowan drinks a potion.
Dowan is healed!
You miss Dowan.
Dowan is moderately wounded.
Dowan hits you with a +0 dagger.
Ouch! That really hurt!
You closely miss Dowan.
Dowan is moderately wounded.
Dowan hits you but does no damage.
You scratch Dowan but do no damage.
Dowan is moderately wounded.
Dowan closely misses you.
You barely miss Dowan.
Dowan is moderately wounded.
Dowan closely misses you.
You scratch Dowan.
Dowan is heavily wounded.
Dowan hits you with a +0 dagger.
Ouch! That really hurt!
You die...

#(### #.# #.# #.#
####### #.# #.....#
#.# ##.....### #.###
#####........# #....
#...e@.......# ##.###
#.#.########.####...##
# #.........#
#.###....##
#.#........
#.#.#.#.###
#...~~~~~~~
#(..~#####~ #...~#


You could see Dowan.

Vanquished Creatures
  A dart slug (D:5)
1 creature vanquished.

Notes
Turn   | Place    | Note
-------+----------+-------------------------------------------
     0 | D:5      | qw the Felid Delver began the quest for the Orb.
     0 | D:5      | Reached XP level 1. HP: 10/10 MP: 2/2
     0 | D:5      | 0 ||| qw: Version: 0.1-a-89-g26bdef1
     0 | D:5      | 0 ||| qw: Game counter: 38
     0 | D:5      | 0 ||| qw: Always use a shield: true
     0 | D:5      | 0 ||| qw: God list: Okawaru, Trog
     0 | D:5      | 0 ||| qw: Allow faded altars: false
     0 | D:5      | 0 ||| qw: Do Orc after D:15 true
     0 | D:5      | 0 ||| qw: Do second Lair branch before Depths: true
     0 | D:5      | 0 ||| qw: Lair rune preference: random
     0 | D:5      | 0 ||| qw: Plans: Normal
     0 | D:5      | 0 ||| PLANNING D:1-11
     0 | D:5      | 0 ||| DROPPING scroll of fog.
     1 | D:5      | 1 ||| DROPPING scroll of magic mapping.
     2 | D:5      | 2 ||| DROPPING scroll of fear.
   224 | D:5      | Noticed Dowan
   225 | D:5      | Noticed a black bear
   238 | D:5      | Slain by Dowan

Levels and vault maps discovered:
D:4:      gammafunk_cloud_chamber, layout_cave_pods, amcnicky_mini_pool_small,
          roderic_lattice_a, nicolae_kite_square_tiling_tiny,
          dreamdust_gnoll_farm, uniq_robin, uniq_edmund,
          uniq_crazy_yiuf_cottage, uniq_ijyb
D:5:      layout_loops_corners, nicolae_overflow_two_pavilions,
          kennysheep_minor_cross, minivault_27, uniq_prince_ribbit1,
          uniq_duvessa, uniq_eustachio

Action                   || total
-------------------------++-------
Melee: Unarmed           ||     9
 Stab: Sleeping          ||     2
Armor: Skin              ||     1
Dodge: Dodged            ||     2

Table legend:
 A = Non-vault XP
 B = Vault XP
 C = Vault XP percentage of total XP
 D = Non-vault monster count
 E = Vault monster count
 F = Vault count percentage of total count
                 A         B        C        D         E       F
            +---------+---------+-------+---------+---------+-------
      Total |       4 |       0 |   0.0 |       1 |       0 |   0.0
            +---------+---------+-------+---------+---------+-------
        D:5 |       4 |       0 |   0.0 |       1 |       0 |   0.0
            +---------+---------+-------+---------+---------+-------
